 Dungeon Crawl Stone Soup version 0.28-b1-25-g9875b3fc8c (webtiles) character file.

Game seed: 7655821998505571254

52 zeram the Ducker (level 3, -4/19 HPs)
             Began as a Spriggan Fighter on Feb 2, 2022.
             Slain by an ogre (23 damage)
             ... on level 2 of the Dungeon.
             The game lasted 00:01:14 (1290 turns).

zeram the Ducker (Spriggan Fighter)                 Turns: 1290, Time: 00:01:15

Health: -4/19      AC:  2    Str: 12    XL:     3   Next: 60%
Magic:  4/4        EV: 17    Int: 11    God:
Gold:   42         SH:  6    Dex: 14    Spells: 2/2 levels left

rFire   . . .      SeeInvis +   a - +1 rapier
rCold   . . .      Faith    .   c - +0 buckler
rNeg    . . .      Spirit   .   b - +0 robe
rPois   .          Reflect  .   (helmet restricted)
rElec   .          Harm     .   (no cloak)
rCorr   .          Rampage  .   (gloves unavailable)
Will    .....                   (boots unavailable)
Stlth   ++........              (no amulet)
HPRegen 0.06/turn               (no ring)
MPRegen 0.09/turn               (no ring)

@: very quick
A: very small, no large weapons, unfitting armour, see invisible, speed 3
a: no special abilities


You were on level 2 of the Dungeon.
You visited 1 branch of the dungeon, and saw 2 of its levels.

You collected 42 gold pieces.

Inventory:

Hand Weapons
 a - a +1 rapier (weapon)
Armour
 b - a +0 robe (worn)
 c - a +0 buckler (worn)
Potions
 d - a potion of might
 g - a potion of haste {unknown}


   Skills:
 - Level 2.4 Fighting
 + Level 2.8 Short Blades
 + Level 5.1 Dodging
 + Level 1.2 Stealth
 + Level 2.5 Shields


You had 2 spell levels left.
You didn't know any spells.
Your spell library contained the following spells:

 Spells                   Type           Power      Damage    Failure   Level
 Magic Dart               Conj           0%         1d3       58%         1
 Searing Ray              Conj           0%         2d4       73%         2
 Fulminant Prism          Conj/Hex       0%         3d6       100%        4


Dungeon Overview and Level Annotations

Branches:
Dungeon (2/15)

Altars:


Innate Abilities, Weirdness & Mutations

You are very small and have problems with some larger weapons.
You are too small for most types of armour.
You have supernaturally acute eyesight. (SInv)
You cover ground extremely quickly. (Speed+++)


Message History

You see here 17 gold pieces.
An ogre is nearby!
An ogre is nearby!
An ogre is nearby!
A hobgoblin comes into view.
Found a spear.
The ogre shouts!
The hobgoblin shouts!
You hear a shout! x3
The ogre closely misses you.
A goblin comes into view. It is wielding a +0 club.
A goblin comes into view. It is wielding a +0 dagger.
The goblin shouts!
You puncture the ogre!
The ogre is moderately wounded.
You hear a shout! x2
You block the ogre's attack.
You see here 17 gold pieces.
Unknown command.
You block the hobgoblin's attack.
You hit the hobgoblin.
You kill the hobgoblin!
You barely miss the ogre.
The ogre is moderately wounded.
The ogre closely misses you.
You hit the ogre.
The ogre is moderately wounded.
The ogre misses you.
You puncture the ogre!
The ogre is severely wounded.
The ogre misses you.
You hit the ogre.
The ogre is severely wounded.
The ogre closely misses you.
You puncture the ogre!
The ogre is almost dead.
The ogre completely misses you.
You hit the ogre.
The ogre is almost dead.
The ogre hits you with a +0 giant spiked club!!
Ouch! That really hurt!
You die...

#.## ##.## #.# #.# #.# #.#
### #+# #.# #.. #.# #.#
##.##### ####.#####
#......# #........#
###....#.####.##.#...####..
+.........@Og$........g.'g.
###......####.##.......##..
#......# #.##.).....#
####...## #.##.^.....#
#.....# #.........##
##...## ######...## ##.##
##.## #.# #.# #.#


You could see an ogre and a goblin.

Vanquished Creatures
  A gnoll (D:1)
  2 adders (D:2)
  A worm (D:2)
  An endoplasm (D:2)
  2 giant cockroaches
  A goblin (D:1)
  A hobgoblin (D:2)
  2 jackals (D:1)
  A quokka (D:1)
  2 ball pythons (D:1)
  7 frilled lizards (D:1)
  2 kobolds (D:1)
23 creatures vanquished.

Notes
Turn   | Place    | Note
-------+----------+-------------------------------------------
     0 | D:1      | zeram the Spriggan Fighter began the quest for the Orb.
     0 | D:1      | Reached XP level 1. HP: 11/11 MP: 2/2
   447 | D:1      | Found a faded altar of an unknown god.
   455 | D:1      | Reached XP level 2. HP: 16/16 MP: 3/3
  1084 | D:2      | Reached skill level 5 in Dodging
  1084 | D:2      | Reached XP level 3. HP: 19/19 MP: 4/4
  1108 | D:2      | Reached skill level 1 in Stealth
  1264 | D:2      | Noticed an ogre
  1290 | D:2      | Slain by an ogre

Illustrated notes

Levels and vault maps discovered:
D:1:      lightli_arrival_quake, layout_loops_ring,
          hellmonk_ecumenical_altar_dog_temple, minmay_lizard_pond
D:2:      layout_loops_corners, minmay_bisected, uniq_robin

Skill      XL: |  1  2  3 |
---------------+----------+-----
Dodging        | 5 |  5.1
Stealth        | 1 |  1.2
Fighting       | |  2.4
Short Blades   | |  2.8
Shields        | |  2.5

Action                   || total
-------------------------++-------
Melee: Rapier            ||    82
  Use: Scroll            ||     2
 Stab: Sleeping          ||     4
Armor: Robe              ||     7
Dodge: Dodged            ||    57
Block: Buckler           ||    32
